 Dungeon Crawl Stone Soup version 0.29-a0-911-g88e6f02907 (webtiles) character file.

Game seed: 17228583287753569372

9 Mysterykhorne the Slasher (level 2, 0/27 HPs)
             Began as a Minotaur Berserker on July 25, 2022.
             Was a Follower of Trog.
             Slain by a ball python (1 damage)
             ... on level 1 of the Dungeon.
             The game lasted 00:02:16 (146 turns).

Mysterykhorne the Slasher (Minotaur Berserker)       Turns: 146, Time: 00:02:17

Health: 0/27       AC:  2    Str: 21    XL:     2   Next: 6%
Magic:  1/1        EV:  9    Int:  4    God:    Trog [*.....]
Gold:   3          SH:  0    Dex:  9    Spells: 1/1 levels left

rFire   . . .      SeeInvis .   a - +0 falchion
rCold   . . .      Faith    .   (no shield)
rNeg    . . .      Spirit   .   b - +0 animal skin
rPois   .          Reflect  .   (helmet restricted)
rElec   .          Harm     .   (no cloak)
rCorr   .          Rampage  .   (no gloves)
Will    .....                   (no boots)
Stlth   +.........              (no amulet)
HPRegen 0.09/turn               (no ring)
MPRegen 0.07/turn               (no ring)

@: constricted
A: horns 2, retaliatory headbutt
a: Renounce Religion, Berserk


You were on level 1 of the Dungeon.
You worshipped Trog.
Trog was aware of your devotion.
You visited 1 branch of the dungeon, and saw 1 of its levels.

You collected 3 gold pieces.

Inventory:

Hand Weapons
 a - a +0 falchion (weapon)
 e - a +0 long sword
Armour
 b - a +0 animal skin (worn)
Jewellery
 c - an amulet of the acrobat
Potions
 d - a potion of brilliance {unknown}


   Skills:
 + Level 3.8 Fighting
 + Level 4.1 Long Blades
 + Level 2.5 Armour
 + Level 2.2 Dodging


You had one spell level left.
You didn't know any spells.
Your spell library was empty.

Dungeon Overview and Level Annotations

Branches:
Dungeon (1/15)

Altars:


Innate Abilities, Weirdness & Mutations

You have a pair of horns on your head.
You reflexively headbutt those who attack you in melee.


Message History

You headbutt the ball python. The ball python bites you.
The ball python constricts you. The giant cockroach barely misses you.
You furiously retaliate!
You headbutt the giant cockroach. The ball python bites you.
You hit the giant cockroach.
The giant cockroach is almost dead.
The ball python closely misses you. You furiously retaliate!
You headbutt the ball python.
You kill the ball python!
Trog accepts your kill. The giant cockroach bites you.
* * * LOW HITPOINT WARNING * * *
A hobgoblin comes into view.
The rat closely misses you. The ball python bites you.
* * * LOW HITPOINT WARNING * * *
The ball python closely misses you.
You have reached level 2!
The hobgoblin shouts!
You hit the giant cockroach.
You kill the giant cockroach!
Trog accepts your kill. The rat bites you.
* * * LOW HITPOINT WARNING * * *
The ball python bites you.
* * * LOW HITPOINT WARNING * * *
The ball python grabs you. The ball python constricts you.
* * * LOW HITPOINT WARNING * * *
You closely miss the ball python. Your headbutt misses the ball python.
The ball python is moderately wounded.
The ball python bites you.
* * * LOW HITPOINT WARNING * * *
The ball python constricts you. The rat bites you.
* * * LOW HITPOINT WARNING * * *
You barely miss the rat. Your headbutt misses the rat.
The ball python misses you. The ball python constricts you.
The rat barely misses you. You furiously retaliate!
You headbutt the rat!
You kill the rat!
Trog accepts your kill. The ball python bites you.
You die...

..#.##[. ...
....... ...#
.....# ...#
#..#g##.#?## ..
#...........
...#.#.........
......S††..#...
#...@†......
####....#.#.
###.#.##.#
...##...#.##.#
.............# #
##.##.#......#.# #
#.#......#.#######
#................
#......†.##### .#


You could see a hobgoblin and a ball python.

Vanquished Creatures
  A giant cockroach (D:1)
  2 goblins (D:1)
  3 kobolds (D:1)
  A ball python (D:1)
  2 frilled lizards (D:1)
  2 rats (D:1)
11 creatures vanquished.

Notes
Turn   | Place    | Note
-------+----------+-------------------------------------------
     0 | D:1      | Mysterykhorne the Minotaur Berserker began the quest for
                  | the Orb.
     0 | D:1      | Reached XP level 1. HP: 19/19 MP: 0/0
   122 | D:1      | Reached skill level 4 in Long Blades
   144 | D:1      | Reached XP level 2. HP: 6/27 MP: 1/1
   145 | D:1      | HP: 1/27 [rat (1)]
   146 | D:1      | Slain by a ball python

Illustrated notes

Levels and vault maps discovered:
D:1:      reono_arrival_forest_river, layout_loops_ring,
          ebering_ecumenical_altar_petrified, minmay_door_square

Skill      XL: |  1 |
---------------+----+-----
Long Blades    | 4 |  4.1
Fighting       | |  3.8
Armour         | |  2.5
Dodging        | |  2.2

Action                   || total
-------------------------++-------
Melee: Falchion          ||    12
       Headbutt          ||     1
Armor: Animal skin       ||     2
Dodge: Dodged            ||    12

Table legend: (Time is in decaauts)
 A = Elapsed time spent in this place.
 B = Non-inter-level travel time spent in this place.
 C = Inter-level travel time spent in this place.
 D = Time resting spent in this place.
 E = Time spent auto-exploring this place.
 F = Levels seen in this place.
 G = Mean time per level.
                   A        B        C        D        E       F      G
               +--------+--------+--------+--------+--------+-----+--------+
         Total |    150 |     40 |    110 |      0 |      0 |   1 |  150.0 |
       Dungeon |    150 |     40 |    110 |      0 |      0 |   1 |  150.0 |
               +--------+--------+--------+--------+--------+-----+--------+

Top non-repeatable levels by time:
     D:1: 150 daAuts
